 Dungeon Crawl Stone Soup version 0.19.5 (webtiles) character file.

368 Trixie the Chiller (level 6, 0/32 HPs)
             Began as a Deep Elf Ice Elementalist on Mar 21, 2017.
             Succumbed to a worker ant's poison
             ... on level 3 of the Dungeon.
             The game lasted 00:09:33 (4556 turns).

Trixie the Chiller (Deep Elf Ice Elementalist)      Turns: 4556, Time: 00:09:34

Health: 0/32       AC:  4    Str:  5    XL:     6   Next: 41%
Magic:  15/15      EV: 13    Int: 22    God:
Gold:   167        SH:  0    Dex: 15    Spells: 4 memorised, 3 levels left

rFire  + . .     SeeInvis .     (no weapon)
rCold  . . .     Gourm    .     a - +0 robe
rNeg   . . .     Faith    .     (no shield)
rPois  .         Spirit   .     (no helmet)
rElec  .         Reflect  .     h - +1 cloak
rCorr  .         Harm     .     (no gloves)
MR     .....                    (no boots)
Stlth  ++........               (no amulet)
                                (no ring)
                                g - ring of protection from fire

@: lethally poisoned (0 -> -8)
A: no striking features
a: no special abilities


You were on level 3 of the Dungeon.
You were very hungry.

You visited 1 branch of the dungeon, and saw 4 of its levels.

You collected 167 gold pieces.

Inventory:

Armour
 a - a +0 robe (worn)
 h - a +1 cloak (worn)
Jewellery
 g - a ring of protection from fire (left hand)
Scrolls
 e - a scroll of immolation {unknown}
 f - 2 scrolls of remove curse {unknown}
 i - 4 scrolls of noise
 j - 2 scrolls of teleportation {unknown}
 k - 2 scrolls of fear
 l - 2 scrolls of amnesia {unknown}
 m - 2 scrolls of magic mapping {unknown}
 n - 2 scrolls of identify
 t - a scroll of blinking {unknown}
Potions
 o - a potion of magic
 p - a potion of cure mutation {unknown}
 q - 2 potions of heal wounds {unknown}
Books
 b - a book of Frost

   Spells                             Type                      Level
   a - Freeze                         Ice                          1
   b - Throw Frost                    Conjuration/Ice              2
   c - Ozocubu's Armour               Charms/Ice                   3
   d - Throw Icicle                   Conjuration/Ice              4
   e - Summon Ice Beast               Ice/Summoning                4
Comestibles
 c - 5 bread rations
 d - a fruit
 s - a meat ration


   Skills:
 - Level 2.5 Dodging
 - Level 2.5 Stealth
 + Level 4.7 Spellcasting
 - Level 4.2 Conjurations
 + Level 5.9 Ice Magic


You had 3 spell levels left.
You knew the following spells:

 Your Spells              Type           Power        Failure   Level  Hunger
a - Freeze                Ice            ####         1%          1    None
b - Throw Frost           Conj/Ice       ####..       1%          2    None
c - Throw Icicle          Conj/Ice       ####....     14%         4    ####...
d - Summon Ice Beast      Ice/Summ       ###.....     34%         4    ####...


Dungeon Overview and Level Annotations

Branches:
Dungeon (4/15)
 Temple: D:4-7

Altars:
Cheibriados
Elyvilon
Gozag
Nemelex Xobeh
Xom
Zin
The Shining One

Shops:
D:4 ?


Message History

Press: ? - help, Shift-Dir - straight line, f/p - quokka
Aim: a quokka (severely wounded)
You freeze the quokka.
You kill the quokka!
* * * LOW HITPOINT WARNING * * *
You feel sick.
The frilled lizard bites you but does no damage.
Casting: Freeze
Confirm with . or Enter, or press ? or * to list all spells.
Aiming: Freeze
Press: ? - help, Shift-Dir - straight line, f - frilled lizard
Aim: a frilled lizard You freeze the frilled lizard.
You kill the frilled lizard!
* * * LOW HITPOINT WARNING * * *
You feel sick.
* * * LOW HITPOINT WARNING * * *
You feel sick.
It was a potion of magic.
Magic courses through your body.
You die...

########### #.........#
#.#######.# #.# #.# ####
#.# #.# ...###########.###
#.# ##............<>@# #.#
#############.#.# #.#
#........# #.#
##.####...#####.#######
#####...##...(............#
##
#.......(.....###########.#
.###.###..(##...## #.#
.##..........#..##### #)#
.##.###.)...........# #.#


There were no monsters in sight!

Vanquished Creatures
  A killer bee (D:3)
  2 orc wizards
  Terence (D:3)
  4 worker ants
  6 adders
  2 worms (D:2)
  2 dart slugs (D:1)
  2 leopard geckos
  9 orcs
  2 giant cockroaches
  5 goblins
  9 hobgoblins
  14 jackals
  2 quokkas
  A ball python (D:1)
  2 frilled lizards
  4 kobolds
  A quokka skeleton (D:4)
  8 rats
77 creatures vanquished.

Vanquished Creatures (others)
  A quokka (D:4)
1 creature vanquished.

Grand Total: 78 creatures vanquished

Notes
Turn   | Place    | Note
-------+----------+-------------------------------------------
     0 | D:1      | Trixie the Deep Elf Ice Elementalist began the quest for the Orb.
     0 | D:1      | Reached XP level 1. HP: 10/10 MP: 6/6
   227 | D:1      | Reached XP level 2. HP: 15/15 MP: 5/8
   504 | D:1      | Reached skill level 4 in Ice Magic
   943 | D:1      | Reached XP level 3. HP: 17/19 MP: 4/9
  1059 | D:2      | Learned a level 2 spell: Throw Frost
  1506 | D:2      | Reached skill level 5 in Ice Magic
  1718 | D:2      | Reached XP level 4. HP: 24/24 MP: 7/10
  1773 | D:2      | Found a glowing golden altar of the Shining One.
  1802 | D:2      | Found an opulent altar of Gozag.
  2028 | D:2      | Found a faded altar of an unknown god.
  2216 | D:2      | Found a snail-covered altar of Cheibriados.
  2216 | D:2      | Found a sparkling altar of Nemelex Xobeh.
  2217 | D:2      | Found a glowing silver altar of Zin.
  2377 | D:3      | Found a shimmering altar of Xom.
  3003 | D:3      | Reached XP level 5. HP: 28/28 MP: 6/11
  3014 | D:3      | Noticed Terence
  3064 | D:3      | Killed Terence
  3523 | D:3      | Learned a level 4 spell: Throw Icicle
  3653 | D:4      | Found Naxt's Magic Scroll Emporium.
  3668 | D:4      | Noticed a phantom
  4161 | D:4      | Found a white marble altar of Elyvilon.
  4337 | D:4      | Reached XP level 6. HP: 32/32 MP: 5/13
  4349 | D:4      | Learned a level 4 spell: Summon Ice Beast
  4555 | D:3      | HP: 1/32 [poisoned by a worker ant]
  4556 | D:3      | Succumbed to a worker ant's poison

Skill      XL: |  1  2  3  4  5  6 |
---------------+-------------------+-----
Ice Magic      | 4 5 |  5.9
Conjurations   | 3 4 |  4.2
Spellcasting   | 4 |  4.7
Dodging        | |  2.5
Stealth        | |  2.5

Action                   |  1- 3 |  4- 6 || total
-------------------------+-------+-------++-------
Melee: Unarmed           |     5 |    15 ||    20
 Cast: Freeze            |    49 |    47 ||    96
       Throw Frost       |     6 |    52 ||    58
       Throw Icicle      |       |     2 ||     2
  Use: Scroll            |       |     4 ||     4
       Potion            |       |     1 ||     1
  Eat: Chunk             |     2 |    10 ||    12
Armor: Robe              |     8 |    16 ||    24
Dodge: Dodged            |    25 |    55 ||    80
